 Dungeon Crawl Stone Soup version 0.22-a0-126-g307c7c3 (webtiles) character file.

2429 tilp the Spear-Bearer (level 9, -3/65 HPs)
             Began as a Merfolk Ice Elementalist on Jan 29, 2018.
             Was a Believer of Makhleb.
             Slain by an orc warrior
             ... wielding a +0 glaive
              (26 damage)
             ... on level 7 of the Dungeon on Jan 30, 2018.
             The game lasted 00:28:48 (9631 turns).

tilp the Spear-Bearer (Merfolk Ice Elementalist)    Turns: 9631, Time: 00:28:49

Health: -3/65      AC: 10    Str:  8    XL:     9   Next: 48%
Magic:  10/14      EV: 13    Int: 20    God:    Makhleb [**....]
Gold:   436        SH:  0    Dex: 15    Spells: 9/15 levels left

rFire    . . .     SeeInvis +   h - +0 spear (pierce)
rCold    . . .     Gourm    .   (no shield)
rNeg     . . .     Faith    .   u - +0 robe
rPois    .         Spirit   .   G - +0 mask of the Dragon {MR+ Slay+3 SInv}
rElec    .         Reflect  .   (no cloak)
rCorr    .         Harm     .   r - +0 pair of gloves
MR       +....                  (no boots)
Stlth    +++.......             (no amulet)
HPRegen  0.20/turn              k - ring of stealth
MPRegen  0.14/turn              y - +3 ring of intelligence

@: icy armour, about to teleport, slow
A: change form in water, swift swim, stealthy swim
a: Minor Destruction, Renounce Religion


You were on level 7 of the Dungeon.
You worshipped Makhleb.
Makhleb was pleased with you.
You were not hungry.

You visited 1 branch of the dungeon, and saw 8 of its levels.

You collected 436 gold pieces.

Inventory:

Hand Weapons
 a - a +2 dagger of speed
 b - a +0 hunting sling
 h - a +0 spear of piercing (weapon)
Missiles
 e - 223 stones (quivered)
 f - 97 sling bullets
 K - 2 tomahawks
Armour
 r - a +0 pair of gloves (worn)
 u - a +0 robe (worn)
 v - a +0 helmet
 G - the +0 mask of the Dragon (worn) {MR+ Slay+3 SInv}
   (You found it on level 7 of the Dungeon)

   It affects your accuracy and damage with ranged weapons and melee attacks
   (+3).
   It affects your resistance to hostile enchantments.
   It lets you see invisible.
Jewellery
 k - a ring of stealth (left hand)
 w - an uncursed amulet of guardian spirit
 y - a +3 ring of intelligence (right hand)
 B - an uncursed ring of stealth
Scrolls
 g - a scroll of noise {unknown}
 i - a scroll of magic mapping {unknown}
 l - 5 scrolls of remove curse
 m - 2 scrolls of enchant armour {unknown}
 o - 2 scrolls of immolation {unknown}
 s - 2 scrolls of teleportation
 t - a scroll of enchant weapon {unknown}
 C - 3 scrolls of fog {unknown}
 D - a scroll of fear {unknown}
 E - a scroll of torment {unknown}
 H - a scroll of vulnerability {unknown}
Potions
 j - a potion of brilliance
 n - a potion of agility {unknown}
 p - 2 potions of flight {unknown}
 q - 2 potions of heal wounds
 x - 2 potions of haste
 z - 2 potions of might {unknown}
 F - a potion of magic {unknown}
 J - a potion of mutation {unknown}
Books
 d - a book of Frost

   Spells                             Type                      Level
   a - Freeze                         Ice                          1
   b - Throw Frost                    Conjuration/Ice              2
   c - Ozocubu's Armour               Charms/Ice                   3
   d - Throw Icicle                   Conjuration/Ice              4
   e - Summon Ice Beast               Ice/Summoning                4
 I - a book of Clouds

   Spells                             Type                      Level
   a - Poisonous Vapours              Poison/Air                   2
   b - Mephitic Cloud                 Conjuration/Poison/Air       3
   c - Conjure Flame                  Conjuration/Fire             3
   d - Freezing Cloud                 Conjuration/Ice/Air          6
   e - Ring of Flames                 Charms/Fire                  7
Comestibles
 c - 12 rations


   Skills:
 - Level 4.0 Fighting
 - Level 12.0 Polearms
 - Level 2.6 Dodging
 - Level 2.1 Stealth
 + Level 3.9 Spellcasting
 - Level 0.7 Conjurations
 - Level 4.0 Charms
 - Level 7.2 Ice Magic


You had 9 spell levels left.
You knew the following spells:

 Your Spells              Type           Power        Failure   Level  Hunger
a - Freeze                Ice            ####         1%          1    None
b - Throw Frost           Conj/Ice       ###...       3%          2    ##.....
c - Ozocubu's Armour      Chrm/Ice       ####....     3%          3    ###....


Dungeon Overview and Level Annotations

Branches:
Dungeon (8/15)             Temple (0/1) D:6
   Lair: D:8-11

Altars:
Elyvilon
Makhleb
Okawaru
Trog
Uskayaw
Vehumet
Wu Jian
Yredelemnul

Annotations:
D:3 Terence
D:4 Grinder
D:5 1 runed door
D:6 2 runed doors, exclusion: two-headed ogre


Message History

Aiming: Freeze (safe; 1% risk of failure)
Press: ? - help, Shift-Dir - straight line, f - orc warrior
Aim: an orc warrior, wielding a glaive and wearing a plate armour You freeze the orc warrior.
The orc warrior is lightly wounded.
The orc warrior hits you with a glaive!!
Casting: Freeze (safe; 1% risk of failure)
Confirm with . or Enter, or press ? or * to list all spells.
Aiming: Freeze (safe; 1% risk of failure)
Press: ? - help, Shift-Dir - straight line, f/p - orc warrior
Aim: an orc warrior, wielding a glaive and wearing a plate armour (lightly wounded)
You freeze the orc warrior.
The orc warrior is moderately wounded.
The orc warrior hits you with a glaive!
* * * LOW HITPOINT WARNING * * *
You feel much better.
As you read the scroll of teleportation, it crumbles to dust.
You feel strangely unstable.
The orc warrior hits you with a glaive!!
You die...

#.........# ###.#.##.....
#.........## #.[..........
#[.........####[###........
#...........#.....#........
#...........#.⌠.⌠.#........
#.........#.#.._..#........
#.........###.⌠.⌠.#........
#......).##[#.....#........
##.#.....#o@.###'###........
####....####.[###
#............ #....####
##.## #####........ #....#
##..# #...)......## #....#
###..#######.#######.##
#....###...###......# #..##
#######..####..###### ##..#
#.## #.## ##.. ####.#####.##
###


You could see an orc warrior.

Vanquished Creatures
  A hippogriff (D:8)
  3 orc warriors
  An ice beast (D:7)
  2 sky beasts
  3 ogres (D:7)
  A phantom (D:7)
  2 centaurs
  2 bullfrogs
  3 scorpions
  2 killer bees (D:8)
  2 crimson imps
  A quasit (D:5)
  A jelly (D:8)
  6 orc priests
  2 orc wizards
  A gnoll shaman (D:7)
  2 iguanas
  4 worker ants
  A killer bee zombie (D:6)
  A hound zombie (D:5)
  Robin (D:2)
  8 adders
  8 gnolls
  An adder skeleton (D:7)
  2 dart slugs
  4 leopard geckos
  16 orcs
  A giant cockroach (D:6)
  18 goblins
  9 hobgoblins
  9 jackals
  A quokka (D:5)
  5 ball pythons
  10 bats
  3 frilled lizards
  A jackal skeleton (D:7)
  A jackal zombie (D:6)
  10 kobolds
  5 rats
154 creatures vanquished.

Notes
Turn   | Place    | Note
-------+----------+-------------------------------------------
     0 | D:1      | tilp the Merfolk Ice Elementalist began the quest for the Orb.
     0 | D:1      | Reached XP level 1. HP: 13/13 MP: 3/3
   322 | D:1      | Reached XP level 2. HP: 15/19 MP: 1/5
   326 | D:1      | Learned a level 2 spell: Throw Frost
   969 | D:1      | Reached XP level 3. HP: 18/24 MP: 3/6
   977 | D:1      | Learned a level 3 spell: Ozocubu's Armour
  1763 | D:2      | Reached skill level 5 in Ice Magic
  2082 | D:2      | Reached XP level 4. HP: 30/30 MP: 5/7
  2089 | D:2      | Found a burning altar of Makhleb.
  2092 | D:2      | Became a worshipper of Makhleb the Destroyer
  2548 | D:3      | Noticed Robin
  2697 | D:2      | Killed Robin
  2954 | D:3      | Noticed Grinder
  3010 | D:3      | Noticed Terence
  3070 | D:3      | Reached XP level 5. HP: 11/35 MP: 0/8
  3365 | D:3      | Reached * piety under Makhleb
  3408 | D:3      | Upgraded the game from 0.22-a0-117-g314b907 to 0.22-a0-126-g307c7c3
  3415 | D:3      | Reached XP level 6. HP: 35/41 MP: 1/9
  3428 | D:3      | Reached skill level 1 in Fighting
  3820 | D:3      | Found an ornate altar of the Wu Jian Council.
  3822 | D:3      | Found a radiant altar of Vehumet.
  4483 | D:4      | Found a basalt altar of Yredelemnul.
  4847 | D:5      | Entered Level 5 of the Dungeon
  5083 | D:5      | Reached XP level 7. HP: 37/54 MP: 4/10
  5184 | D:5      | Reached skill level 1 in Charms
  5456 | D:5      | Reached ** piety under Makhleb
  5485 | D:5      | Found a runed door.
  5775 | D:5      | Found a white marble altar of Elyvilon.
  5921 | D:5      | Found an iron altar of Okawaru.
  6095 | D:5      | Reached skill level 3 in Polearms
  6208 | D:5      | Found a bloodstained altar of Trog.
  6417 | D:6      | Noticed a two-headed ogre
  6423 | D:6      | Found a staircase to the Ecumenical Temple.
  6459 | D:6      | Reached skill level 4 in Polearms
  6459 | D:6      | Reached XP level 8. HP: 46/60 MP: 8/11
  6494 | D:6      | Reached skill level 5 in Polearms
  6666 | D:6      | Reached skill level 6 in Polearms
  6941 | D:6      | Found a runed door.
  6949 | D:6      | Found a runed door.
  7128 | D:6      | Reached skill level 7 in Polearms
  7503 | D:7      | Found the +0 mask of the Dragon {MR+ Slay+3 SInv}
  7578 | D:7      | Reached skill level 8 in Polearms
  7974 | D:7      | Reached skill level 9 in Polearms
  8212 | D:7      | Reached skill level 10 in Polearms
  8247 | D:7      | Found a hide-covered altar of Uskayaw.
  8345 | D:7      | Reached XP level 9. HP: 56/65 MP: 12/12
  8509 | D:7      | Reached skill level 11 in Polearms
  9065 | D:8      | Reached skill level 12 in Polearms
  9631 | D:7      | Slain by an orc warrior

Vault maps used:
D:1:      dpeg_arrival_yet_another_circle, minmay_misc_feat_roman
D:2:      marbit_many_paths, first_ration, minivault_27
D:3:      gammafunk_temple_overflow_statue, minmay_strange_pillars,
          grunt_decor_mini_mirrors, uniq_robin, uniq_terence, uniq_grinder
D:4:      nicolae_overflow_hidden_temple
D:5:      lightli_temple_of_fire, elyvilon_altar_1, okawaru_ov_weapons_minmay,
          uniq_crazy_yiuf_cottage
D:6:      lemuel_insect_pit, minmay_temple_entry_glass
D:7:      kennysheep_little_box
D:8:      serial_shops, nicolae_shop_crystal, david_nohive_1, minivault_19,
          grunt_ministairs_15, minmay_mini_ossuary

Skill      XL: |  1  2  3  4  5  6  7  8  9 |
---------------+----------------------------+-----
Ice Magic      | 4 5 6 7 |  7.2
Fighting       | 4 |  4.0
Charms         | 4 |  4.0
Polearms       | 4 10 12 | 12.0
Spellcasting   | 3 |  3.9
Dodging        | |  2.6
Stealth        | |  2.1
Conjurations   | |  0.7

Action                   |  1- 3 |  4- 6 |  7- 9 || total
-------------------------+-------+-------+-------++-------
Melee: Dagger            |    78 |   115 |   210 ||   403
       Tailslap          |     1 |       |       ||     1
       Spear             |       |       |    29 ||    29
 Fire: Hunting sling     |       |     1 |       ||     1
Throw: Stone             |     7 |     2 |       ||     9
 Cast: Freeze            |    36 |    53 |   121 ||   210
       Throw Frost       |    14 |    10 |    29 ||    53
       Ozocubu's Armour  |       |     2 |    18 ||    20
  Use: Scroll            |       |       |     8 ||     8
       Potion            |       |       |     4 ||     4
 Stab: Sleeping          |     3 |     5 |     5 ||    13
  Eat: Chunk             |     5 |    12 |    17 ||    34
       Ration            |       |       |     1 ||     1
Armor: Robe              |    23 |    28 |    49 ||   100
       Skin              |       |       |    44 ||    44
Dodge: Dodged            |    79 |    92 |   158 ||   329

Table legend:
 A = Spawn XP
 B = Non-spawn XP
 C = Spawn XP percentage of total XP
 D = Spawn monster count
 E = Non-spawn monster count
 F = Spawn count percentage of total count
 G = Total turns spent on level
                    A         B        C        D         E        F      G
               +---------+---------+-------+---------+---------+-------+---------
         Total |       0 |    3471 |   0.0 |       0 |     154 |   0.0 |  9631
               +---------+---------+-------+---------+---------+-------+---------
           D:1 |       0 |      53 |   0.0 |       0 |      32 |   0.0 |  1594
           D:2 |       0 |      88 |   0.0 |       0 |      29 |   0.0 |  1559
           D:3 |       0 |     252 |   0.0 |       0 |      25 |   0.0 |  1073
           D:4 |       0 |      56 |   0.0 |       0 |       4 |   0.0 |   854
           D:5 |       0 |     712 |   0.0 |       0 |      22 |   0.0 |  1235
           D:6 |       0 |     428 |   0.0 |       0 |      11 |   0.0 |  1486
           D:7 |       0 |    1262 |   0.0 |       0 |      19 |   0.0 |  1575
           D:8 |       0 |     620 |   0.0 |       0 |      12 |   0.0 |   255
               +---------+---------+-------+---------+---------+-------+---------
